 Dungeon Crawl Stone Soup version 0.31-a0-117-g42d8f58691 (webtiles) character file.

Game seed: 709838258952044355

1110 holysushi the Skirmisher (level 8, -1/66 HPs)
             Began as a Meteoran Hunter on May 31, 2023.
             Was an Elder of Uskayaw.
             Slain by an orc warrior
             ... wielding a +0 halberd
              (8 damage)
             ... on level 5 of the Dungeon.
             The game lasted 00:08:24 (1635 turns).

holysushi the Skirmisher (Meteoran Hunter)          Turns: 1635, Time: 00:08:24

Health: -1/66      AC:  7    Str: 12    XL:     8   Next: 90%
Magic:  12/12      EV: 12    Int: 11    God:    Uskayaw [****..]
Gold:   223        SH:  5    Dex: 20    Spells: 9/11 levels left

rFire   + . .        a - +9 sling "Unefue Gouk" {heavy, rF+}
rCold   . . .        (no shield)
rNeg    . . .        c - +0 leather armour
rPois   .            h - +2 helmet
rElec   .            (no cloak)
rCorr   +            (no gloves)
SInv    .            r - +0 pair of boots
Will    +....        k - amulet of reflection
Stlth   +            f - ring of resist corrosion
HPRegen 0.31/turn    (no ring)
MPRegen 0.13/turn

%: reflection
@: wereblooded, glowing
A: sense surroundings 1, otherworldly, glowing, explore regen
a: Renounce Religion, Stomp, Line Pass


You were on level 5 of the Dungeon.
You worshipped Uskayaw.
Uskayaw was noncommittal.
You visited 2 branches of the dungeon, and saw 7 of its levels.

You collected 223 gold pieces.

Inventory:

Hand Weapons
 a - the +9 sling "Unefue Gouk" (weapon) {heavy, rF+}
   (You found it on level 4 of the Dungeon)

   rF:        It protects you from fire.
 b - a +0 dagger of speed
 s - a +0 shortbow
Missiles
 o - a throwing net
Armour
 c - a +0 leather armour (worn)
 h - a +2 helmet (worn)
 r - a +0 pair of boots (worn)
Jewellery
 f - a ring of resist corrosion (left hand)
 k - an amulet of reflection (around neck)
Wands
 i - a wand of charming (1)
 n - a wand of flame (7)
 q - a wand of roots (10)
Scrolls
 e - a scroll of fog
 m - a scroll of vulnerability
 p - a scroll of enchant armour {unknown}
 t - 2 scrolls of blinking
 u - a scroll of magic mapping {unknown}
 v - 2 scrolls of immolation
Potions
 g - a potion of lignification
 j - 2 potions of mutation {unknown}
 l - a potion of might {unknown}


   Skills:
 + Level 3.8 Fighting
 + Level 10.3 Ranged Weapons
 - Level 2.4 Dodging
 - Level 0.6 Stealth
 - Level 2.0 Spellcasting
 - Level 3.0 Transmutations


You had 9 spell levels left.
You knew the following spells:

 Your Spells              Type           Power      Damage    Failure   Level
a - Wereblood             Tmut           7%         N/A       16%         2

Your spell library contained the following spells:

 Spells                   Type           Power      Damage    Failure   Level
 Beastly Appendage        Tmut           14%        N/A       11%         1
 Spider Form              Tmut/Pois      4%         N/A       52%         3
 Summon Forest            Summ/Tloc      0%         N/A       100%        5
 Summon Mana Viper        Hex/Summ       1%         N/A       100%        5
 Summon Cactus Giant      Summ           0%         N/A       100%        6


Dungeon Overview and Level Annotations

Branches:
Dungeon (6/15) Zot: 1978   Temple (1/1) D:4 Zot: 506

Altars:
Ashenzari
Cheibriados
Dithmenos
Fedhas
Gozag
Hepliaklqana
Kikubaaqudgha
Nemelex Xobeh
Okawaru
Ru
Sif Muna
Uskayaw
Vehumet
Yredelemnul
Zin
The Shining One

Annotations:
D:3 1 runed translucent door


Innate Abilities, Weirdness & Mutations

You passively map a small area around you.
You are easily found by Zot.
You glow in the dark.
You regain HP and MP as you explore.


Message History

The orc warrior hits you from afar with a +0 halberd!
* * * LOW HITPOINT WARNING * * *
Fire: a) +9 sling "Unefue Gouk" {heavy, rF+}
Press: ? - help, Q - select action, (/) - cycle Shift-Dir - straight line, f - orc warrior
Aim: an orc warrior, wielding a +0 halberd and wearing a +0 plate armour (moderately wounded, 73% to hit)
You shoot a sling bullet. The sling bullet hits the orc warrior.
The orc warrior is moderately wounded.
The orc warrior hits you from afar with a +0 halberd!
* * * LOW HITPOINT WARNING * * *
The orc warrior hits you from afar with a +0 halberd.
* * * LOW HITPOINT WARNING * * *
You feel much better. You block the orc warrior's attack.
You feel much better. You block the orc's attack.
The orc warrior hits you from afar with a +0 halberd!
Uskayaw links your audience in an emotional bond!
The orc attacks as you move away! The orc closely misses you.
Fire: a) +9 sling "Unefue Gouk" {heavy, rF+}
Press: ? - help, Q - select action, (/) - cycle Shift-Dir - straight line, f/p - orc warrior
Aim: an orc warrior, wielding a +0 halberd and wearing a +0 plate armour (moderately wounded, sharing its pain, 73% to hit)
You shoot a sling bullet. The sling bullet hits the orc!!
You feel a bit better.
You kill the orc!
The orc priest is no longer sharing its pain.
The orc warrior is no longer sharing its pain.
The orc warrior hits you from afar with a +0 halberd!
* * * LOW HITPOINT WARNING * * *
Fire: a) +9 sling "Unefue Gouk" {heavy, rF+}
Press: ? - help, Q - select action, (/) - cycle Shift-Dir - straight line, f/p - orc warrior
Aim: an orc warrior, wielding a +0 halberd and wearing a +0 plate armour (heavily wounded, 74% to hit)
You shoot a sling bullet. The sling bullet hits the orc warrior.
The orc warrior is severely wounded.
The orc warrior hits you from afar with a +0 halberd!
* * * LOW HITPOINT WARNING * * *
Fire: a) +9 sling "Unefue Gouk" {heavy, rF+}
Press: ? - help, Q - select action, (/) - cycle Shift-Dir - straight line, f/p - orc warrior
Aim: an orc warrior, wielding a +0 halberd and wearing a +0 plate armour (severely wounded, 74% to hit)
You shoot a sling bullet. The sling bullet hits the orc warrior!
The orc warrior is almost dead.
The orc warrior hits you from afar with a +0 halberd!
You die...

####.....# .#. * *
* * #.....##... ,
.. #......# .., *
* * , ..
#......###)## ##
#.###..#.#.o#
#..###..#.##o# ,,
,,...#........#)##
* ## #........#).#
#......@)oo.#
#############


You could see an orc warrior and an orc priest.

Vanquished Creatures
  Pikel (D:5)
  An ice beast (D:5)
  An ogre (D:5)
  3 lemures
  A phantom (D:4)
  A kobold brigand (D:5)
  3 orc priests
  An iguana (D:5)
  2 orc wizards
  Robin (D:4)
  3 adders
  4 gnolls (D:4)
  A shadow imp (D:5)
  A worm (D:2)
  3 dart slugs (D:2)
  17 orcs
  3 ball pythons
  4 endoplasms
  3 giant cockroaches
  11 goblins
  9 hobgoblins
  3 jackals (D:5)
  4 quokkas
  A bat (D:2)
  2 frilled lizards (D:1)
  10 kobolds
  A kobold skeleton (D:3)
  4 rats
99 creatures vanquished.

Notes
Turn   | Place    | Note
-------+----------+-------------------------------------------
     0 | D:1      | holysushi the Meteoran Hunter began the quest for the Orb.
     0 | D:1      | Reached XP level 1. HP: 17/17 MP: 2/2
   142 | D:1      | Reached XP level 2. HP: 24/24 MP: 3/3
   255 | D:2      | Reached skill level 5 in Ranged Weapons
   286 | D:2      | Reached XP level 3. HP: 26/29 MP: 4/4
   297 | D:2      | Learned a level 2 spell: Wereblood
   342 | D:1      | Found a faded altar of an unknown god.
   410 | D:2      | Reached skill level 1 in Transmutations
   424 | D:2      | Reached XP level 4. HP: 23/36 MP: 5/5
   570 | D:4      | Noticed Robin
   611 | D:4      | Reached skill level 1 in Spellcasting
   625 | D:4      | Reached XP level 5. HP: 39/41 MP: 5/8
   640 | D:4      | Killed Robin
   679 | D:5      | Entered Level 5 of the Dungeon
   683 | D:5      | Noticed a lemure
   791 | D:3      | Found a runed translucent door.
   791 | D:3      | Found a basalt altar of Yredelemnul.
   791 | D:3      | Noticed a human
   802 | D:3      | Reached skill level 6 in Ranged Weapons
  1003 | D:4      | Identified the +9 sling "Unefue Gouk" {heavy, rF+}
  1053 | D:4      | Reached XP level 6. HP: 20/48 MP: 10/10
  1095 | D:4      | Found a staircase to the Ecumenical Temple.
  1106 | D:4      | Reached skill level 7 in Ranged Weapons
  1109 | Temple   | Entered the Ecumenical Temple
  1176 | Temple   | Became a worshipper of Uskayaw the Reveller
  1239 | D:4      | Reached * piety under Uskayaw
  1267 | D:5      | Noticed an ice beast
  1272 | D:5      | Reached ** piety under Uskayaw
  1275 | D:5      | Reached *** piety under Uskayaw
  1276 | D:5      | Killed an ice beast
  1277 | D:5      | Reached XP level 7. HP: 39/55 MP: 11/11
  1286 | D:5      | Noticed Pikel
  1358 | D:5      | Killed Pikel
  1358 | D:5      | Reached **** piety under Uskayaw
  1359 | D:5      | Reached skill level 9 in Ranged Weapons
  1359 | D:5      | Reached XP level 8. HP: 61/61 MP: 12/12
  1499 | D:5      | Found an iron altar of Okawaru.
  1512 | D:5      | Reached skill level 10 in Ranged Weapons
  1515 | D:5      | Reached ***** piety under Uskayaw
  1529 | D:5      | Reached ****** piety under Uskayaw
  1629 | D:5      | HP: 1/66 [orc warrior/+0 halberd (4)]
  1635 | D:5      | Slain by an orc warrior

Illustrated notes

Levels and vault maps discovered:
D:1:      dpeg_arrival_round_a, layout_loops_ring,
          hellmonk_ecumenical_altar_arch_garden, eino_curves_03
D:2:      layout_loops_ring
D:3:      layout_loops_ring, dk_yredelemnul_ordeal, uniq_grinder
D:4:      layout_rooms, minmay_temple_entry_grid, kennysheep_orc_chapel,
          uniq_robin
D:5:      layout_rooms, mainiacjoe_overflow_brackets,
          nicolae_overflow_hidden_temple, serial_aquarium,
          aquarium_bridge_long_separate [aquarium_subvault_wall,
          aquarium_subvault_bridge, aquarium_subvault_bridge,
          aquarium_subvault_bridge, aquarium_subvault_bridge,
          aquarium_subvault_window], aquarium_window_1, aquarium_window_fake,
          aquarium_view_2g, aquarium_view_4, aquarium_pool_S,
          pf_guarded_unrand_meek, uniq_pikel
D:6:      layout_loops_cross, serial_shops, kennysheep_mini
Temple:   compressed_dpeg_circular_temple

Skill      XL: |  1  2  3  4  5  6  7  8 |
---------------+-------------------------+-----
Ranged Weapons | 5 6 7 9 10 | 10.3
Transmutations | 1 2 3 |  3.0
Spellcasting   | 1 2 |  2.0
Fighting       | 3 |  3.8
Dodging        | |  2.4
Stealth        | |  0.6

Action                     |  1- 3 |  4- 6 |  7- 9 || total
---------------------------+-------+-------+-------++-------
   Fire: Shortbow          |    62 |    91 |       ||   153
         Sling             |       |    31 |    76 ||   107
   Cast: Wereblood         |       |     4 |     3 ||     7
    Use: Potion            |       |       |     8 ||     8
         Scroll            |       |       |     4 ||     4
 Armour: Leather armour    |    23 |    32 |    11 ||    66
         Skin              |       |       |    38 ||    38
  Dodge: Dodged            |    13 |    42 |    27 ||    82
  Block: Other             |       |       |     5 ||     5

Table legend: (Time is in decaauts)
 A = Elapsed time spent in this place.
 B = Non-inter-level travel time spent in this place.
 C = Inter-level travel time spent in this place.
 D = Time resting spent in this place.
 E = Time spent auto-exploring this place.
 F = Levels seen in this place.
 G = Mean time per level.
                   A        B        C        D        E       F      G
               +--------+--------+--------+--------+--------+-----+--------+
         Total |   1714 |   1602 |    112 |      0 |      0 |   7 |  244.9 |
       Dungeon |   1620 |   1520 |    100 |      0 |      0 |   6 |  270.0 |
        Temple |     93 |     81 |     12 |      0 |      0 |   1 |   93.0 |
               +--------+--------+--------+--------+--------+-----+--------+

Top non-repeatable levels by time:
     D:4: 479 daAuts
     D:5: 373 daAuts
     D:1: 299 daAuts
     D:2: 255 daAuts
     D:3: 210 daAuts
  Temple: 93 daAuts
     D:6: 1 daAuts
